 Dungeon Crawl Stone Soup version 0.29.0-11-gd7f09526c8 (webtiles) character file.

Game seed: 963224785916077214

123 smilodon the Covered (level 4, 0/35 HPs)
             Began as a Demonspawn Fighter on Sept 2, 2022.
             Killed by nerve-wracking pain
             ... invoked by Jessica
              (14 damage)
             ... on level 3 of the Dungeon.
             The game lasted 00:03:49 (2404 turns).

smilodon the Covered (Demonspawn Fighter)           Turns: 2404, Time: 00:03:49

Health: 0/35       AC:  9    Str: 18    XL:     4   Next: 79%
Magic:  4/4        EV:  9    Int:  9    God:
Gold:   96         SH:  4    Dex: 13    Spells: 3/3 levels left

rFire   . . .      SeeInvis .   a - +1 long sword
rCold   . . .      Faith    .   c - +0 buckler
rNeg    . . .      Spirit   .   b - +0 scale mail
rPois   .          Reflect  .   (no helmet)
rElec   .          Harm     .   (no cloak)
rCorr   .          Rampage  .   (no gloves)
Will    .....                   (no boots)
Stlth   ..........              (no amulet)
HPRegen 0.11/turn               (no ring)
MPRegen 0.09/turn               (no ring)

@: slowed, very slow
A: thin metallic scales 2
a: no special abilities


You were on level 3 of the Dungeon.
You visited 1 branch of the dungeon, and saw 3 of its levels.

You collected 96 gold pieces.

Inventory:

Hand Weapons
 a - a +1 long sword (weapon)
Missiles
 j - 2 javelins (quivered)
Armour
 b - a +0 scale mail (worn)
 c - a +0 buckler (worn)
 l - an orb of energy
Jewellery
 f - the amulet of the Air {Inacc Air Fly rElec RMsl}
   (You found it on level 2 of the Dungeon)

   [amulet of nothing]

   It reduces the accuracy of all your attacks.
   It enhances your air magic.
   rElec:     It insulates you from electricity.
   Fly:       It grants you flight.
   RMsl:      It protects you from missiles.
 g - a ring of wizardry
 h - a ring of magical power
 k - a +6 ring of intelligence
Scrolls
 i - a scroll of fog
 n - a scroll of magic mapping
Potions
 d - a potion of heal wounds
 e - 2 potions of berserk rage
 o - a potion of magic


   Skills:
 + Level 3.4 Fighting
 + Level 3.2 Long Blades
 + Level 3.4 Armour
 + Level 0.5 Dodging
 - Level 0.2 Stealth
 + Level 3.0 Shields


You had 3 spell levels left.
You didn't know any spells.
Your spell library contained the following spells:

 Spells                   Type           Power      Damage    Failure   Level
 Beastly Appendage        Tmut           0%         N/A       86%         1
 Shock                    Conj/Air       0%         1d3       86%         1
 Wereblood                Tmut           0%         N/A       94%         2
 Spider Form              Tmut/Pois      0%         N/A       99%         3
 Swiftness                Air            0%         N/A       99%         3
 Airstrike                Air            0%         2d(0-16)  100%        4


Dungeon Overview and Level Annotations

Branches:
Dungeon (3/15)

Altars:

Annotations:
D:3 Jessica


Innate Abilities, Weirdness & Mutations

You are mostly covered in thin metallic scales. (AC +3)


Message History

The shadow imp attacks as you move away!
The shadow imp completely misses you. The shadow imp gestures at you.
Pain shoots through your body! Natasha attacks as you move away!
Natasha claws you but does no damage.
You hit Natasha.
Natasha is almost dead.
You block Natasha's attack. Natasha closely misses you.
You barely miss Natasha.
Natasha is almost dead.
Natasha barely misses you.
You completely miss Natasha.
Natasha is almost dead.
The shadow imp gestures at you. Pain shoots through your body!
Natasha claws you but does no damage. The white imp gestures at you.
The puff of frost misses you.
The shadow imp hits you but does no damage.
You hit Natasha but do no damage.
Natasha is almost dead.
You block Natasha's attack.
Jessica mumbles some strange words.
Jessica seems to speed up.
You block the shadow imp's attack. Natasha claws you.
You slash Natasha!
You kill Natasha!
Natasha growls in agony!
The white imp disappears in a puff of smoke!
The shadow imp disappears in a puff of smoke!
Jessica casts a spell at you.
You feel yourself slow down.
You barely miss Jessica.
Jessica points at you and mumbles some strange words.
You feel as though you will be slow longer.
Jessica hits you with a +0 club.
You slash Jessica!
Jessica is almost dead.
Jessica gestures at you while chanting. Pain shoots through your body!
You die...

########### #.........#
#.........#
########.........#
#.....#...@@.##### .
#.......####..†.## ###..
#......## ####..###......
#......####..###.#...##.#.##
#......#.....# #...# #.#...
#......[.# ###.# #.###.
#...........######.# #..##.
(...#...............####..##.
###..?.......######..##...##.


You could see Jessica (fast).

Vanquished Creatures
  Natasha (D:3)
  4 gnolls (D:2)
  2 adders (D:2)
  A worm (D:2)
  2 bats (D:2)
  4 endoplasms
  3 goblins
  4 hobgoblins
  2 jackals (D:1)
  6 kobolds
  5 quokkas
  2 ball pythons
  2 frilled lizards
  3 rats
41 creatures vanquished.

Notes
Turn   | Place    | Note
-------+----------+-------------------------------------------
     0 | D:1      | smilodon the Demonspawn Fighter began the quest for the
                  | Orb.
     0 | D:1      | Reached XP level 1. HP: 18/18 MP: 1/1
   399 | D:1      | Gained mutation: You are partially covered in thin metallic
                  | scales. (AC +2) [demonic ancestry]
   399 | D:1      | Reached XP level 2. HP: 24/24 MP: 2/2
  1031 | D:2      | Reached XP level 3. HP: 23/29 MP: 3/3
  1239 | D:2      | Gained mutation: You are mostly covered in thin metallic
                  | scales. (AC +3) [demonic ancestry]
  1239 | D:2      | Reached XP level 4. HP: 32/35 MP: 4/4
  1288 | D:2      | Found the amulet of the Air {Inacc Air Fly rElec RMsl}
  1413 | D:2      | Found a faded altar of an unknown god.
  2385 | D:3      | Noticed Natasha
  2385 | D:3      | Noticed Jessica
  2402 | D:3      | Killed Natasha
  2404 | D:3      | Killed from afar by Jessica

Illustrated notes

Levels and vault maps discovered:
D:1:      dpeg_arrival_rooms_a, layout_loops_ring, serial_co_window_serial,
          co_window_paths_b, co_window_of_opportunity_a, co_window_paths_a,
          co_window_corner_a, co_window_corner_a, co_window_corner_ca,
          co_window_2corner, co_window_corner_b, co_window_broadway_c,
          glass_columns_b, glass_columns_c, glass_columns_b, glass_columns_a,
          glass_columns_a, minmay_distorted
D:2:      layout_loops_corners, shapermc_ecumenical_altar_acropolis
D:3:      layout_rooms, gammafunk_ghost_nasty_kobolds,
          small_statue_intersection, serial_park_tiny_1, uniq_jessica,
          uniq_ijyb, uniq_natasha

Skill      XL: |  1  2  3  4 |
---------------+-------------+-----
Armour         | 3 |  3.4
Long Blades    | 2 3 |  3.2
Shields        | 3 |  3.0
Fighting       | |  3.4
Dodging        | |  0.5
Stealth        | |  0.2

Action                   |  1- 3 |  4- 6 || total
-------------------------+-------+-------++-------
Melee: Long sword        |    83 |    51 ||   134
  Use: Scroll            |     6 |     2 ||     8
       Potion            |     3 |     1 ||     4
Armor: Scale mail        |    61 |    25 ||    86
Dodge: Dodged            |    44 |    29 ||    73
Block: Buckler           |    16 |    13 ||    29
